Map: Central Protocol

Players

MorN

  • Race: Terran Terran
  • League: Master

Mariuslol - Winner!

  • Race: Zerg Zerg
  • League: Master

VOD

Have the link to the VOD?

Description

Time

  • Played on: Nov. 23, 2015, 10:14 p.m.
  • Length: 13:44
Show
View Real Time Build Order
Export as new Build Order

MorN Terran 

Build Orders: Reaper Expand, MMM Bio 

Get SALT Encoding   

  12  0:00  SCV  
  13  0:13  SCV  
  14  0:18  Supply Depot  
  14  0:26  SCV  
  15  0:39  SCV  
  15  0:40  Barracks  
  16  0:46  Refinery  
  16  0:51  SCV  
  17  1:04  SCV  
  18  1:16  SCV  
  19  1:29  Reaper  
  19  1:30  Orbital Command  
  20  1:43  Command Center  
  20  1:56  SCV  
  21  2:08  Barracks Reactor  
  21  2:15  Command Center  
  21  2:18  SCV  
  22  2:31  Supply Depot  
  22  2:36  SCV  
  23  2:39  Factory  
  23  2:54  Marine x2  
  23  2:55  SCV  
  23  2:56  Orbital Command  
  25  3:08  SCV  
  25  3:12  Marine x2  
  28  3:13  Refinery  
  28  3:20  SCV  
  28  3:22  SCV  
  28  3:24  Starport  
  30  3:30  Factory Tech Lab  
  30  3:32  SCV, Bunker  
  30  3:33  Orbital Command  
  31  3:39  SCV  
  32  3:41  Marine x2  
  32  3:44  SCV  
  35  3:50  Siege Tank  
  35  3:51  SCV  
  39  3:56  SCV  
  39  4:00  SCV  
  39  4:01  Marine x2  
  43  4:02  Viking  
  45  4:11  Supply Depot  
  45  4:12  SCV x2  
  45  4:14  SCV  
  48  4:21  Marine x2  
  50  4:24  SCV  
  50  4:25  SCV  
  50  4:26  SCV  
  50  4:31  Factory Tech Lab, Supply Depot  
  53  4:36  SCV  
  54  4:40  Cloaking Field  
  54  4:44  Banshee  
  54  4:45  SCV  
  58  4:46  SCV  
  58  4:49  Refinery x2  
  59  4:59  SCV  
  60  5:00  Factory Reactor  
  60  5:01  Supply Depot, Barracks  
  60  5:06  Barracks  
  60  5:12  SCV, Stimpack  
  61  5:16  SCV  
  61  5:18  Supply Depot  
  60  5:25  Marine  
  60  5:26  Banshee  
  64  5:29  SCV  
  64  5:33  Supply Depot  
  64  5:34  Engineering Bay  
  65  5:36  SCV, Engineering Bay  
  65  5:38  Barracks x2  
  66  5:52  SCV  
  66  5:53  Factory Reactor  
  66  5:54  Supply Depot, Marine, Marauder  
  66  5:55  Marine x3  
  73  5:57  SCV  
  73  6:01  SCV  
  75  6:05  Terran Infantry Weapons Level 1, Terran Infantry Armor Level 1  
  75  6:06  Supply Depot  
  75  6:12  Supply Depot, Marine  
  76  6:21  Marine x4  
  80  6:34  Barracks Reactor, Starport Reactor  
  80  6:39  Marine x5  
  83  6:42  SCV x2  
  83  6:45  Supply Depot  
  87  6:49  Command Center  
  87  6:50  Orbital Command  
  87  6:57  Marine x2  
  87  6:58  Marauder  
  91  7:06  Marine x2  
  91  7:07  Marauder  
  95  7:12  Marine x2  
  95  7:13  Medivac x2  
  101  7:16  Marine x2  
  101  7:19  Marauder, Widow Mine x2  
  101  7:20  Armory  
  101  7:21  Combat Shields  
  109  7:23  Concussive Shells  
  109  7:24  Marine x2  
  109  7:25  SCV  
  109  7:29  Marine, Marauder  
  114  7:30  Marine  
  114  7:34  Marine  
  114  7:36  SCV  
  114  7:37  Supply Depot x2  
  118  7:38  SCV  
  118  7:41  Supply Depot, Marauder  
  118  7:43  Medivac x2  
  125  7:47  SCV  
  125  7:48  SCV  
  125  7:50  SCV, Marauder  
  130  8:02  Marauder  
  130  8:04  Marine x2  
  134  8:08  Terran Infantry Weapons Level 2, Terran Infantry Armor Level 2  
  134  8:10  Widow Mine x2  
  134  8:11  Marauder  
  140  8:14  Marine x2  
  142  8:20  Marine x2  
  142  8:22  Medivac  
  142  8:23  Marauder  
  142  8:26  Barracks  
  142  8:27  Barracks x2  
  148  8:28  Marine  
  148  8:29  Marine  
  148  8:32  Marine x2  
  148  8:33  Marauder  
  148  8:34  Medivac  
  156  8:45  Marauder  
  158  8:53  Marine x3  
  158  8:54  Marauder  
  163  8:57  Supply Depot, SCV  
  163  9:06  Marauder  
  161  9:10  Marine x2  
  161  9:14  Medivac x2  
  161  9:15  Marauder  
  169  9:17  Barracks Tech Lab  
  169  9:18  Barracks Reactor, Barracks Tech Lab, Supply Depot  
  169  9:25  Marine x2  
  169  9:27  Widow Mine  
  169  9:28  Marauder  
  169  9:29  Marine x2  
  177  9:32  Marine  
  177  9:33  Marine  
  179  9:40  Marine, Marauder  
  179  9:41  Marine  
  179  9:42  Marine  
  179  9:43  Marine  
  181  9:47  Marine x2  
  181  9:49  Marauder  
  181  9:50  Marine  
  181  9:51  Marine  
  187  9:56  Marine  
  188  10:00  Supply Depot  
  188  10:01  Supply Depot, Marine x2  
  188  10:02  Marauder x3  
  194  10:23  Marauder  
  196  10:36  Marauder, Orbital Command, Marine  
  196  10:41  Terran Infantry Weapons Level 3  
  196  10:42  Terran Infantry Armor Level 3  
  196  10:43  Marine x2  
  196  10:44  Marauder  
  196  10:45  Ghost Academy  
  200  10:50  Starport  
  200  11:06  Marine  
  200  11:08  Marine x3  
  200  11:12  Marine  
  200  11:15  Marauder  
  200  11:17  Marine  
  200  11:18  Marauder, Marine  
  191  11:21  Medivac x2, Marine  
  196  11:26  Marine x2  
  196  11:27  Marauder  
  190  11:57  Medivac x2  
  190  11:59  Starport Reactor  
  194  12:03  Planetary Fortress  
  194  12:06  SCV  
  194  12:07  SCV x2  
  191  12:19  Command Center, SCV x3  
  191  12:20  Command Center  
  186  12:26  Command Center  
  186  12:29  Marine  
  183  12:30  Marauder, Marine  
  183  12:31  SCV  
  183  12:32  Marine  
  183  12:33  Marauder  
  173  12:40  Marauder, Marine  
  173  12:41  Medivac x2  
  163  12:49  Marine x2  
  163  12:50  Marine x2, Marauder  
  115  12:56  Marine x2  
  115  12:57  Marauder  
  99  13:04  Marine x4  
  96  13:09  Marine x2  
  98  13:20  Marine x2  
  98  13:21  Marauder  
Show
View Real Time Build Order
Export as new Build Order

Mariuslol Zerg - Winner!

Build Orders: Hatch First 

Get SALT Encoding   

  12  0:00  Drone  
  13  0:13  Overlord  
  13  0:19  Drone  
  14  0:32  Drone  
  14  0:33  Drone  
  16  0:38  Drone  
  17  0:55  Hatchery  
  16  0:58  Drone  
  16  1:00  Drone  
  18  1:05  Extractor  
  18  1:08  Drone  
  18  1:20  Spawning Pool  
  18  1:22  Drone  
  18  1:30  Drone  
  19  1:41  Overlord  
  19  2:08  Queen x2, Zergling x6  
  22  2:12  Metabolic Boost  
  26  2:19  Drone x2  
  28  2:24  Drone  
  29  2:32  Drone  
  30  2:40  Drone  
  30  2:41  Drone  
  30  2:44  Queen  
  34  2:57  Overlord, Drone  
  34  2:58  Drone  
  36  3:12  Hatchery  
  35  3:16  Drone  
  35  3:17  Drone x3  
  39  3:20  Queen  
  41  3:27  Drone  
  41  3:28  Drone x2  
  44  3:38  Lair  
  44  3:50  Overlord  
  44  3:54  Overlord, Drone, Extractor x2  
  44  3:55  Drone  
  44  4:05  Overlord  
  44  4:11  Drone x2  
  44  4:12  Drone x4  
  44  4:13  Drone x2  
  52  4:18  Roach Warren  
  51  4:27  Drone x2  
  51  4:28  Drone  
  54  4:33  Queen  
  54  4:34  Drone x5  
  54  4:38  Drone  
  62  4:41  Drone x2  
  64  4:49  Drone  
  64  4:50  Evolution Chamber x2  
  63  4:53  Drone, Spore Crawler  
  63  4:57  Drone x2  
  65  5:02  Drone x2  
  65  5:03  Drone x2  
  65  5:04  Drone  
  70  5:07  Drone x2  
  72  5:16  Overlord  
  72  5:19  Extractor  
  72  5:20  Spore Crawler, Drone x2, Extractor  
  72  5:21  Drone x2  
  73  5:29  Drone  
  73  5:30  Overlord  
  73  5:33  Extractor  
  73  5:40  Drone  
  73  5:41  Hatchery, Drone x6  
  79  5:47  Zerg Missile Weapons Level 1  
  79  5:52  Overseer  
  79  5:55  Spore Crawler  
  78  6:04  Overlord, Spore Crawler x2  
  78  6:05  Roach x5  
  78  6:07  Zerg Ground Armor Level 1  
  84  6:23  Overlord  
  84  6:25  Roach x7  
  97  6:37  Overlord, Drone  
  97  6:38  Overlord  
  97  6:39  Overlord x3  
  97  6:50  Roach x3  
  97  6:51  Roach  
  97  6:53  Drone x3, Overlord  
  108  6:54  Roach  
  109  7:07  Drone x3  
  109  7:09  Drone x4  
  109  7:10  Drone x2, Overlord  
  109  7:12  Roach  
  117  7:17  Roach x2  
  121  7:32  Hatchery  
  121  7:33  Roach  
  122  7:38  Hatchery  
  122  7:39  Roach x3  
  127  7:51  Roach  
  127  7:52  Roach  
  127  7:54  Zerg Missile Weapons Level 2  
  127  7:57  Infestation Pit  
  130  8:02  Overlord  
  130  8:03  Roach x4  
  138  8:08  Roach x3  
  144  8:14  Overlord x2  
  144  8:15  Roach  
  144  8:17  Pneumatized Carapace  
  144  8:19  Spine Crawler  
  145  8:20  Spine Crawler  
  145  8:22  Zerg Ground Armor Level 2  
  145  8:27  Roach x2  
  148  8:38  Roach x2  
  148  8:39  Roach x8  
  168  8:50  Overlord x2  
  168  8:51  Roach x4  
  168  8:52  Roach  
  168  8:55  Glial Reconstitution  
  174  9:01  Roach x3  
  174  9:02  Roach  
  174  9:11  Overseer  
  174  9:12  Overseer  
  174  9:14  Hive  
  174  9:16  Drone  
  177  9:17  Drone x5  
  181  9:31  Ravager x3  
  181  9:32  Ravager x16  
  181  9:34  Overseer  
  199  9:52  Overseer  
  192  10:04  Roach x4  
  200  10:10  Zerg Melee Weapons Level 1  
  191  10:51  Zerg Ground Armor Level 3  
  191  10:52  Adrenal Glands  
  191  10:54  Overlord x3  
  191  11:14  Hatchery  
  190  11:31  Ultralisk Cavern  
  188  11:43  Lair  
  188  11:44  Spawning Pool  
  187  11:49  Hatchery  
  186  12:01  Overlord x2  
  186  12:10  Hatchery  
  179  12:29  Ultralisk  
  195  12:30  Ultralisk x2  
  181  12:48  Ultralisk  
  148  12:52  Ultralisk  
  145  13:09  Drone  
  145  13:10  Drone x18  
  176  13:16  Extractor x2  
  174  13:22  Spore Crawler  
  174  13:23  Spine Crawler  
  174  13:24  Overseer  
  174  13:25  Spine Crawler, Overseer  
  174  13:26  Spine Crawler  
Tags
 
Add a new tag
Caveats
  • Supply blocks, unpowered buildings, or Contaminate may cause inaccurate times.
  • Supply counts are checked every 10 seconds.